cohdb
Replays
Latest Replays
All Replays
Popular Replays
Top Player Replays
Match Explorer
How It Works
Community
CoH3 Stats
Reddit
Sign in to upload your games and track your stats! →
Sign in with Steam
Match 19692339
Unlisted
Match 19692339
Overview
Messages
Build Orders
End
Construct Barracks
Riflemen Squad
Riflemen Squad
Riflemen Squad
Grenade Package
Construct Weapon Support Center
Construct Medical Station
Riflemen Squad
Air Support Center
Engineer Squad
Selects Armored Battlegroup
Selects Veteran Crews
Selects Strength in Steel
Selects M8 Scott SPG
M8 Scott SPG
Grasshopper Recon Run
M8 Scott SPG
Grasshopper Recon Run
P-47 Dive Bomb
Selects UNKNOWN (2160077)
Selects Field Repairs
Construct Tank Depot
Engineer Squad
Selects War Machine
M4A3E8 Sherman Easy Eight
Grasshopper Recon Run
P-47 Dive Bomb
jun001122
MonoChrome
HardCarry Hiv
Boom
LNiXX
Herogus3xD
0
0
Comments
sign in to comment!
No comments posted yet!